 Dungeon Sprint DCSS version 0.14-a0-340-g4dbb6ee (console) character file.

15500 Dalvant the Scorcher (level 11, -1/59 HPs)
             Began as a Deep Elf Fire Elementalist on Oct 23, 2013.
             Was the Champion of Vehumet.
             Slain by a killer bee (4 damage)
             ... in the Dungeon (Sprint III: "The Ten Rune Challenge").
             The game lasted 00:22:30 (2775 turns).

Dalvant the Scorcher (Deep Elf Fire Elementalist)   Turns: 2775, Time: 00:22:30

HP  -1/59        AC  6     Str  5      XL: 11   Next: 54%
MP   1/35        EV 13     Int 24      God: Vehumet [******]
Gold 3643        SH  0     Dex 15      Spells:  9 memorised, 16 levels left

Res.Fire  : . . .   See Invis. : +   u - staff of energy
Res.Cold  : . . .   Warding    : .   C - +2 elf robe {rPois}
Life Prot.: . . .   Conserve   : .   (no shield)
Res.Poison: +       Res.Corr.  : .   (no helmet)
Res.Elec. : .       Clarity    : .   (no cloak)
Sust.Abil.: . .     Spirit.Shd : .   (no gloves)
Res.Mut.  : .       Prev.Telep.: +   J - +1 pair of elf boots {Fly}
Res.Rott. : .       Flight     : +   (no amulet)
Saprovore : . . .                    x - ring of see invisible
                                     (no ring)

@: flying, delayed fireball, somewhat resistant to hostile enchantments, quite
stealthy
A: no striking features
a: Renounce Religion, Release Delayed Fireball, Stop Flying


You were in the Dungeon.
You worshipped Vehumet.
Vehumet was exalted by your worship.
You were hungry.

You visited 1 branch You collected 3693 gold pieces.
You spent 70 gold pieces at shops.

Inventory:

Armour
 C - a +2 elven robe of poison resistance (worn)
 J - a +1 pair of elven boots of flying (worn)
Magical devices
 D - a wand of teleportation (5)
Comestibles
 c - a bread ration
 h - a royal jelly
 s - a choko
 w - a snozzcumber
Scrolls
 i - a scroll of blinking
 k - 4 scrolls of remove curse
 G - a scroll of amnesia
Jewellery
 n - the ring of Rationality {Ice Str+2 Int+1}
   (You found it in the Dungeon)

   [ring of ice]

   It affects your strength (+2).
   It affects your intelligence (+1).
 p - the amulet "Mnalixoext" {Spirit MR++}
   (You found it in the Dungeon)

   [amulet of guardian spirit]

   It affects your resistance to hostile enchantments.
 x - a ring of see invisible (right hand)
Potions
 e - 2 potions of curing
 f - 2 potions of speed
 g - 2 potions of magic
Books
 E - a book of Conjurations

   Spells                             Type                      Level
   *Magic Dart                        Conjuration                  1
   Searing Ray                        Conjuration                  2
   Dazzling Spray                     Conjuration/Hexes            3
   *Iskenderun's Mystic Blast         Conjuration                  4
   *Iskenderun's Battlesphere         Conjuration/Charms           4
   Fulminant Prism                    Conjuration/Hexes            5
Magical staves
 u - an uncursed staff of energy (weapon)
 I - an uncursed staff of conjuration


   Skills:
 - Level 5.0 Fighting
 - Level 2.8 Dodging
 - Level 6.3 Stealth
 + Level 17.1 Spellcasting
 + Level 17.1 Conjurations
 - Level 7.9 Charms
 * Level 17.2 Fire Magic
 - Level 5.4 Earth Magic


You had 16 spell levels left.
You knew the following spells:

 Your Spells              Type           Power        Failure   Level  Hunger
a - Flame Tongue          Conj/Fire      #####        0%          1    None
b - Fireball              Conj/Fire      #######...   1%          5    None
c - Sticky Flame          Conj/Fire      #######.     1%          4    None
d - Iskenderun's Mystic   Conj           #######.     1%          4    None
A - Magic Dart            Conj           ####         0%          1    None
C - Iskenderun's Battles  Conj/Chrm      ######..     1%          4    None
D - Delayed Fireball      Conj/Fire      N/A          1%          7    None
E - Iron Shot             Conj/Erth      ######....   1%          6    None
U - Summon Butterflies    Summ           ###.....     2%          1    None


Dungeon Overview and Level Annotations

Branches:
Dungeon (1/1)

Altars:
Cheibriados
Elyvilon
Fedhas
Kikubaaqudgha
Makhleb
Nemelex Xobeh
Okawaru
Sif Muna
Trog
Vehumet
Xom
Yredelemnul
Zin
the Shining One

Shops:
D *


Message History

The killer bee stings you but does no damage.
You swap places.
The killer bee stings your battlesphere!
Your battlesphere is destroyed!
The killer bee stings you.
You hear an angry buzzing noise.
The killer bee closely misses you. The killer bee stings you.
The killer bee barely misses you. The killer bee stings you!
* * * LOW HITPOINT WARNING * * *
You hear an angry buzzing noise.
The killer bee stings you but does no damage.
The killer bee stings you but does no damage.
The killer bee stings you.
* * * LOW HITPOINT WARNING * * *
Drink which item? (? for menu, Esc to quit)
You feel better. The killer bee stings you!
* * * LOW HITPOINT WARNING * * *
The killer bee stings you.
You die...

####### #### ###########
'....♣♣♣♣♣♣.#############.#...##..####################
#....♣.♣♣♣♣.#___#__[#__#...#.##.).).#...##[[..'.....)#
#....♣♣♣♣♣..#...#..)#._#...)..)..##.#...##≈≈≈≈##..##)#
#....≈♣♣♣♣♣.###'#'###'##.[))....###.#...≈≈≈[[......#|#
#...≈≈.♣♣.♣.#..........#.))[[....##.#...##≈≈≈≈##..##.#
#..≈≈≈≈♣♣♣..'.⌠..).....#...##.#.∩##.'...##....'.....)#
#..≈≈≈≈≈≈...#...######'#)##.#..#.#####################
#.≈≈≈≈≈≈....#.⌠.#..#.=.#[###########################
#.≈≈≈≈≈.....#...#_.#...#[§§≈§'.#.(...'.#.#.#k%.kkk≈#
#.≈≈≈.......#'###_.#..[#.#§§≈#.#.#...##@#.#k##kkkk≈#
#...........#.)[#_.#...(.#§§§#.#.#%).#.#k#.#.# kk≈≈≈
%...........#___#..'...#.#§§.#...#)..##.#.#.## kk≈≈
######################################.#.#.#.# %%%
##.#.#.## % +.#.#.#.# ##.#.#.## #+#####


You could see a killer bee (berserk).

Vanquished Creatures
  A deep elf blademaster (D)
  A deep elf demonologist (D)
  2 deep elf annihilators (D)
  2 deep elf high priests (D)
  Erica (D)
  A deep elf knight (D)
  A centaur warrior (D)
  An unseen horror (D)
  2 deep elf conjurers (D)
  A deep elf summoner (D)
  3 deep elf priests (D)
  A stone golem (D)
  A spatial vortex (D)
  A demigod (D)
  A necrophage (D)
  2 orc warriors (D)
  2 centaurs (D)
  A water elemental (D)
  10 killer bees (D)
  A jelly (D)
  2 orc priests (D)
  A wizard (D)
  2 orc wizards (D)
  A necromancer (D)
  A wolf (D)
  3 humans (D)
  A necrophage skeleton (D)
  A kobold demonologist (D)
  2 giant mites (D)
  2 oozes (D)
  12 orcs (D)
64 creatures vanquished.

Vanquished Creatures (others)
  2 draconian scorchers (D)
  A yaktaur (D)
  A plant (D)
4 creatures vanquished.

Grand Total: 68 creatures vanquished

Notes
Turn   | Place    | Note
--------------------------------------------------------------
     0 | D        | Dalvant, the Deep Elf Fire Elementalist, began the quest for the Orb.
     0 | D        | Reached XP level 1. HP: 10/10 MP: 4/4
     6 | D        | Reached skill level 4 in Fire Magic
    91 | D        | Reached skill level 1 in Fighting
    91 | D        | Reached XP level 2. HP: 15/15 MP: 0/7
   168 | D        | Reached skill level 5 in Fire Magic
   240 | D        | Reached XP level 3. HP: 19/19 MP: 0/10
   266 | D        | Killed a white draconian scorcher
   332 | D        | Noticed a wolf
   338 | D        | Killed a wolf
   338 | D        | Reached skill level 6 in Fire Magic
   343 | D        | Killed a yaktaur
   436 | D        | Noticed a water elemental
   441 | D        | Killed a water elemental
   441 | D        | Reached skill level 7 in Fire Magic
   441 | D        | Reached XP level 4. HP: 22/24 MP: 7/14
   447 | D        | Learned a level 4 spell: Sticky Flame
   489 | D        | Found a white marble altar of Elyvilon.
   489 | D        | Found a glowing golden altar of the Shining One.
   489 | D        | Found a glowing silver altar of Zin.
   490 | D        | Noticed a deep elf priest
   494 | D        | Killed a deep elf priest
   494 | D        | Reached skill level 5 in Stealth
   494 | D        | Reached skill level 9 in Fire Magic
   494 | D        | Reached XP level 5. HP: 8/29 MP: 8/19
   494 | D        | Reached XP level 6. HP: 9/35 MP: 8/21
   504 | D        | Killed a white draconian scorcher
   676 | D        | Learned a level 5 spell: Fireball
   738 | D        | Found a radiant altar of Vehumet.
   738 | D        | Found a deep blue altar of Sif Muna.
   738 | D        | Found an ancient bone altar of Kikubaaqudgha.
   738 | D        | Noticed a wizard
   739 | D        | Killed a wizard
   743 | D        | Became a worshipper of Vehumet
   772 | D        | Found an iron altar of Okawaru.
   772 | D        | Found a bloodstained altar of Trog.
   772 | D        | Noticed a human
   772 | D        | Noticed a human
   774 | D        | Killed a human
   774 | D        | Reached skill level 10 in Fire Magic
   774 | D        | Killed a human
   774 | D        | Reached skill level 5 in Fighting
   839 | D        | Found a snail-covered altar of Cheibriados.
   839 | D        | Found a blossoming altar of Fedhas.
   839 | D        | Found a basalt altar of Yredelemnul.
   839 | D        | Noticed a necrophage
   839 | D        | Noticed a necromancer
   844 | D        | Killed a necrophage
   844 | D        | Acquired Vehumet's first power
   844 | D        | Offered knowledge of Sting by Vehumet.
   844 | D        | Reached XP level 7. HP: 40/40 MP: 14/24
   848 | D        | Killed a necromancer
   943 | D        | Noticed a jelly
   945 | D        | Killed a jelly
   947 | D        | Noticed a demigod
   954 | D        | Killed a demigod
   954 | D        | Reached skill level 11 in Fire Magic
  1060 | D        | Found a shimmering altar of Xom.
  1060 | D        | Found a burning altar of Makhleb.
  1060 | D        | Noticed a spatial vortex
  1089 | D        | Found a sparkling altar of Nemelex Xobeh.
  1090 | D        | Killed a spatial vortex
  1258 | D        | Noticed Erica
  1266 | D        | Killed Erica
  1266 | D        | Offered knowledge of Searing Ray by Vehumet.
  1266 | D        | Reached skill level 12 in Fire Magic
  1266 | D        | Reached XP level 8. HP: 45/45 MP: 8/28
  1370 | D        | Noticed a stone golem
  1378 | D        | Noticed an orc priest
  1379 | D        | Acquired Vehumet's second power
  1380 | D        | Noticed an orc wizard
  1380 | D        | Killed an orc priest
  1382 | D        | Noticed an orc priest
  1382 | D        | Noticed an orc warrior
  1382 | D        | Killed an orc wizard
  1383 | D        | Acquired Vehumet's third power
  1384 | D        | Killed an orc priest
  1384 | D        | Killed an orc warrior
  1385 | D        | Noticed an orc wizard
  1385 | D        | Killed an orc wizard
  1430 | D        | Offered knowledge of Static Discharge by Vehumet.
  1499 | D        | Noticed an orc warrior
  1505 | D        | Killed an orc warrior
  1629 | D        | Found Cutan's General Store.
  1657 | D        | Bought a scroll of identify for 22 gold pieces
  1657 | D        | Bought a snozzcumber for 4 gold pieces
  1657 | D        | Bought a potion of curing for 22 gold pieces
  1658 | D        | Bought a scroll of identify for 22 gold pieces
  1668 | D        | Noticed a deep elf priest
  1668 | D        | Noticed a deep elf summoner
  1668 | D        | Noticed a deep elf conjurer
  1668 | D        | Noticed a deep elf priest
  1668 | D        | Noticed a deep elf knight
  1677 | D        | Killed a deep elf conjurer
  1677 | D        | Offered knowledge of Iskenderun's Battlesphere by Vehumet.
  1677 | D        | Reached skill level 13 in Fire Magic
  1677 | D        | Reached XP level 9. HP: 49/49 MP: 18/30
  1678 | D        | Killed a deep elf priest
  1684 | D        | Learned a level 4 spell: Iskenderun's Battlesphere
  1724 | D        | Killed a deep elf knight
  1724 | D        | Offered knowledge of Bolt of Magma by Vehumet.
  1774 | D        | Killed a deep elf priest
  1774 | D        | Reached skill level 1 in Charms
  1774 | D        | Reached skill level 14 in Fire Magic
  1781 | D        | Killed a deep elf summoner
  1893 | D        | Noticed a deep elf conjurer
  1899 | D        | Noticed a deep elf demonologist
  1899 | D        | Killed a deep elf conjurer
  1899 | D        | Offered knowledge of Iron Shot by Vehumet.
  1899 | D        | Reached XP level 10. HP: 55/55 MP: 25/32
  1904 | D        | Noticed a deep elf blademaster
  1908 | D        | Learned a level 6 spell: Iron Shot
  1911 | D        | Killed a deep elf demonologist
  1911 | D        | Reached skill level 15 in Fire Magic
  2090 | D        | Noticed a deep elf high priest
  2093 | D        | Noticed a deep elf high priest
  2093 | D        | Killed a deep elf high priest
  2093 | D        | Reached skill level 15 in Spellcasting
  2093 | D        | Reached skill level 15 in Conjurations
  2093 | D        | Reached skill level 1 in Earth Magic
  2095 | D        | Killed a deep elf high priest
  2131 | D        | Noticed a deep elf annihilator
  2134 | D        | Noticed a deep elf annihilator
  2138 | D        | Killed a deep elf annihilator
  2138 | D        | Reached skill level 5 in Charms
  2191 | D        | Killed a deep elf annihilator
  2191 | D        | Reached skill level 16 in Conjurations
  2191 | D        | Reached XP level 11. HP: 59/59 MP: 4/35
  2191 | D        | Killed a deep elf blademaster
  2191 | D        | Offered knowledge of Delayed Fireball by Vehumet.
  2191 | D        | Reached skill level 5 in Earth Magic
  2270 | D        | Identified the Collected Works on the Oath
  2281 | D        | Learned a level 7 spell: Delayed Fireball
  2284 | D        | Learned a level 1 spell: Magic Dart
  2289 | D        | Learned a level 4 spell: Iskenderun's Mystic Blast
  2310 | D        | Got a smoking lapis lazuli ring
  2310 | D        | Got a sparkling ruby amulet
  2384 | D        | Learned a level 1 spell: Summon Butterflies
  2425 | D        | Identified the amulet "Mnalixoext" {Spirit MR++} (You found it in the Dungeon)
  2573 | D        | Killed a stone golem
  2691 | D        | Noticed a centaur
  2691 | D        | Noticed a centaur warrior
  2691 | D        | Noticed a centaur
  2693 | D        | Killed a centaur
  2693 | D        | Killed a centaur
  2693 | D        | Killed a centaur warrior
  2734 | D        | Noticed an unseen horror
  2739 | D        | Killed an unseen horror
  2739 | D        | Reached skill level 17 in Conjurations
  2758 | D        | Noticed a killer bee
  2758 | D        | Noticed a killer bee
  2758 | D        | Noticed a queen bee
  2758 | D        | Noticed a killer bee
  2758 | D        | Noticed a killer bee
  2758 | D        | Noticed a killer bee
  2758 | D        | Noticed a killer bee
  2758 | D        | Noticed a killer bee
  2758 | D        | Noticed a killer bee
  2758 | D        | Noticed a killer bee
  2758 | D        | Noticed a killer bee
  2758 | D        | Noticed a killer bee
  2758 | D        | Noticed a killer bee
  2760 | D        | Noticed a killer bee
  2760 | D        | Noticed a killer bee
  2760 | D        | Noticed a killer bee
  2761 | D        | Noticed a killer bee
  2761 | D        | Noticed a killer bee
  2761 | D        | Killed a killer bee
  2762 | D        | Noticed a killer bee
  2762 | D        | Noticed a killer bee
  2762 | D        | Killed a killer bee
  2762 | D        | Killed a killer bee
  2763 | D        | Noticed a killer bee
  2763 | D        | Noticed a killer bee
  2763 | D        | Killed a killer bee
  2763 | D        | Killed a killer bee
  2764 | D        | Noticed a killer bee
  2764 | D        | Noticed a killer bee
  2765 | D        | Killed a killer bee
  2766 | D        | Noticed a killer bee
  2767 | D        | Noticed a killer bee
  2767 | D        | Killed a killer bee
  2767 | D        | Killed a killer bee
  2767 | D        | Offered knowledge of Freezing Cloud by Vehumet.
  2768 | D        | Noticed a killer bee
  2768 | D        | Killed a killer bee
  2769 | D        | Noticed a killer bee
  2769 | D        | Noticed a killer bee
  2769 | D        | Noticed a killer bee
  2769 | D        | Killed a killer bee
  2774 | D        | HP: 1/59 [killer bee (5)]
  2775 | D        | Slain by a killer bee

Action                   |  1- 3 |  4- 6 |  7- 9 | 10-12 || total
-------------------------+-------+-------+-------+-------++-------
Melee: Unarmed           |     5 |       |       |       ||     5
       Long sword        |       |       |     1 |       ||     1
 Cast: Flame Tongue      |    30 |     3 |    22 |     2 ||    57
       Sticky Flame      |       |     2 |     7 |     1 ||    10
       Fireball          |       |     3 |    26 |    18 ||    47
       Iskenderun's Batt |       |       |     3 |    10 ||    13
       Iskenderun's Myst |       |       |       |    16 ||    16
       Magic Dart        |       |       |       |     1 ||     1
       Delayed Fireball  |       |       |       |     1 ||     1
 Abil: Evoke Flight      |       |       |       |     1 ||     1
Evoke: Wand              |       |       |       |     1 ||     1
  Use: Potion            |     7 |       |       |     2 ||     9
       Scroll            |       |       |       |    10 ||    10
